 Dungeon Crawl Stone Soup version 0.27-a0-1228-gfd60fd639a (webtiles) character file.

Game seed: 13152338893072441747

105 ZappyNine the Ruffian (level 4, -7/44 HPs)
             Began as an Ogre Transmuter on June 7, 2021.
             Splashed by a jelly's acid (9 damage)
             ... on level 6 of the Dungeon.
             The game lasted 00:02:57 (2931 turns).

ZappyNine the Ruffian (Ogre Transmuter)             Turns: 2931, Time: 00:02:58

Health: -7/44      AC: -6    Str: 14    XL:     4   Next: 83%
Magic:  6/8        EV: 19    Int: 14    God:
Gold:   117        SH:  0    Dex: 15    Spells: 2/8 levels left

rFire    . . .     SeeInvis .     - Unarmed
rCold    + . .     Faith    .   (shield currently unavailable)
rNeg     . . .     Spirit   .   (armour currently unavailable)
rPois    x         Reflect  .   (helmet currently unavailable)
rElec    .         Harm     .   (cloak currently unavailable)
rCorr    .         Rampage  .   (gloves unavailable)
Will     .....                  (boots unavailable)
Stlth    +.........             (no amulet)
HPRegen  0.14/turn              j - ring of protection from cold
MPRegen  0.11/turn              (no ring)

@: spider-form (expiring), corroded
A: venomous fangs, tiny, unfitting armour, (tough skin 1)
a: End Transformation


You were on level 6 of the Dungeon.
You were a venomous arachnid creature.
You visited 1 branch of the dungeon, and saw 4 of its levels.

You collected 117 gold pieces.

Inventory:

Missiles
 l - a throwing net
Armour
 a - a +0 robe (melded)
Jewellery
 j - a ring of protection from cold (left front leg)
Scrolls
 d - a scroll of teleportation
Potions
 c - a potion of flight {unknown}
 e - a potion of invisibility {unknown}
 i - 2 potions of berserk rage
 k - a potion of lignification {unknown}


   Skills:
 - Level 2.7 Fighting
 - Level 2.2 Dodging
 - Level 3.8 Unarmed Combat
 + Level 2.8 Spellcasting
 + Level 2.1 Transmutations
 + Level 0.8 Poison Magic


You had 2 spell levels left.
You knew the following spells:

 Your Spells              Type           Power      Damage    Failure   Level
a - Beastly Appendage     Tmut           14%        N/A       22%         1
b - Wereblood             Tmut           7%         N/A       32%         2
c - Spider Form           Tmut/Pois      3%         N/A       56%         3

Your spell library contained the following spells:

 Spells                   Type           Power      Damage    Failure   Level
 Animate Skeleton         Necr           2%         N/A       43%         1
 Apportation              Tloc           2%         N/A       43%         1
 Corona                   Hex            1%         N/A       43%         1
 Pain                     Necr           4%         1d4       43%         1
 Summon Small Mammal      Summ           4%         N/A       43%         1
 Call Imp                 Summ           1%         N/A       54%         2
 Ensorcelled Hibernation  Hex/Ice        2%         N/A       54%         2
 Call Canine Familiar     Summ           1%         N/A       75%         3
 Confusing Touch          Hex            1%         N/A       75%         3
 Dazzling Flash           Conj/Hex       2%         N/A       75%         3
 Summon Guardian Golem    Hex/Summ       1%         N/A       75%         3
 Tukima's Dance           Hex            1%         N/A       75%         3
 Vampiric Draining        Necr           0%         2d6       75%         3
 Ice Form                 Ice/Tmut       4%         N/A       92%         4
 Animate Dead             Necr           0%         N/A       98%         4
 Summon Ice Beast         Ice/Summ       1%         N/A       98%         4
 Summon Lightning Spire   Summ/Air       1%         N/A       98%         4
 Hydra Form               Tmut           3%         N/A       98%         5
 Agony                    Necr           1%         N/A       100%        5


Dungeon Overview and Level Annotations

Branches:
Dungeon (3/15)

Altars:


Innate Abilities, Weirdness & Mutations

You are a venomous arachnid creature.
You have poisonous fangs.
You are tiny and dextrous.
Your spellcasting is less reliable in this form.
Your armour is entirely melded.
You are incapable of wielding weapons or throwing items.
You are too large for most types of armour.
((You have tough skin. (AC +1)))


Message History

A jelly is nearby!
A jelly is nearby!
A jelly is nearby!
Casting: Wereblood (safe; 14% risk of failure)
Confirm with . or Enter, or press ? or * to list all spells.
The spell is quite dangerous to cast (34% risk of failure)!
Continue anyway?
You turn into a venomous arachnid creature.
Your +0 robe melds into your body.
You hit the jelly.
Your front legs burn!
The jelly is lightly wounded.
The jelly misses you.
You hit the jelly.
Your front legs burn!
The jelly is moderately wounded.
You bite the jelly!
Your front legs burn!
The jelly is heavily wounded.
The jelly closely misses you.
You hit the jelly.
Your front legs burn!
The jelly is heavily wounded.
Your transformation is almost over.
The jelly closely misses you.
You hit the jelly but do no damage. The acid corrodes you!
Your front legs burn!
The jelly is heavily wounded.
The jelly hits you. The acid corrodes you!
You are splashed with acid.
You hit the jelly.
Your front legs burn!
The jelly is severely wounded.
The jelly barely misses you.
You hit the jelly but do no damage.
Your front legs burn!
The jelly is severely wounded.
The jelly hits you.
You are splashed with acid!
* * * LOW HITPOINT WARNING * * *
You hit the jelly but do no damage. The acid corrodes you!
Your front legs burn!
* * * LOW HITPOINT WARNING * * *
The jelly is severely wounded.
The jelly jiggles.
The jelly hits you.
* * * LOW HITPOINT WARNING * * *
You are splashed with acid!
You die...

#######.#.....# ....#
........#.....# ....#
.......[..##..# ....#
..........##..#+#....#
.....................#
...J.................#
.....##.#............#
.....##.#............#
........#..sJ....#####
........###+###...#
..........J....##.#####+
.........................
...............##........
...............##..!.....
......†..................
.........................
...#+##..................


You could see a jelly.

Vanquished Creatures
  A howler monkey skeleton (D:6)
  4 adders
  A worm (D:2)
  3 dart slugs
  4 orcs (D:3)
  3 endoplasms (D:2)
  3 goblins
  4 hobgoblins
  3 jackals (D:3)
  4 kobolds
  2 quokkas (D:2)
  4 ball pythons
  5 bats
  3 frilled lizards
  5 rats
49 creatures vanquished.

Notes
Turn   | Place    | Note
-------+----------+-------------------------------------------
     0 | D:1      | ZappyNine the Ogre Transmuter began the quest for the Orb.
     0 | D:1      | Reached XP level 1. HP: 19/19 MP: 3/3
   494 | D:1      | Reached skill level 3 in Unarmed Combat
   495 | D:1      | Reached XP level 2. HP: 28/28 MP: 3/5
   498 | D:1      | Learned a level 2 spell: Wereblood
  1218 | D:2      | Reached XP level 3. HP: 35/36 MP: 2/6
  1893 | D:2      | Reached XP level 4. HP: 41/44 MP: 5/7
  1897 | D:2      | Learned a level 3 spell: Spider Form
  2499 | D:3      | You fall into a shaft and drop 3 floors!
  2500 | D:6      | Noticed an ice beast
  2931 | D:6      | HP: 2/44 [jelly (3)]
  2931 | D:6      | Splashed by a jelly's acid

Illustrated notes

Levels and vault maps discovered:
D:1:      psy_arrival_basics, layout_basic, serial_bayou_pond_c, minivault_11,
          grunt_decor_clamped
D:2:      layout_basic, minmay_tree_intersection
D:3:      layout_loops_ring
D:6:      layout_basic, gup_sewer_entry_glass, serial_shops, kennysheep_mini,
          uniq_sigmund

Skill      XL: |  1  2  3  4 |
---------------+-------------+-----
Unarmed Combat | 3 |  3.8
Fighting       | 2 |  2.7
Dodging        | 2 |  2.2
Transmutations | 2 |  2.1
Spellcasting   | |  2.8
Poison Magic   | |  0.8

Action                   |  1- 3 |  4- 6 || total
-------------------------+-------+-------++-------
Melee: Unarmed           |    93 |    49 ||   142
       Kick              |    10 |     8 ||    18
       Headbutt          |     7 |     6 ||    13
 Cast: Beastly Appendage |    14 |     7 ||    21
       Wereblood         |     5 |     5 ||    10
       Spider Form       |       |     1 ||     1
  Use: Scroll            |       |     4 ||     4
       Potion            |       |     1 ||     1
Armor: Robe              |    29 |    10 ||    39
Dodge: Dodged            |    46 |    18 ||    64

Table legend: (Time is in decaauts)
 A = Elapsed time spent in this place.
 B = Non-inter-level travel time spent in this place.
 C = Inter-level travel time spent in this place.
 D = Time resting spent in this place.
 E = Time spent auto-exploring this place.
 F = Levels seen in this place.
 G = Mean time per level.
                   A        B        C        D        E       F      G
               +--------+--------+--------+--------+--------+-----+--------+
         Total |   2925 |   2878 |     47 |    275 |   2228 |   4 |  731.2 |
       Dungeon |   2925 |   2878 |     47 |    275 |   2228 |   4 |  731.2 |
               +--------+--------+--------+--------+--------+-----+--------+

Top non-repeatable levels by time:
     D:1: 1091 daAuts
     D:2: 922 daAuts
     D:3: 481 daAuts
     D:6: 430 daAuts
